 Dungeon Crawl Stone Soup version 0.28.0-47-ge53b351184 (webtiles) character file.

Game seed: 14348548398574740558

420 DearestLeader the Shield-Bearer (level 6, -6/53 HPs)
             Began as a Gnoll Fighter on Apr 25, 2022.
             Mangled by an ogre
             ... wielding a +0 giant club
              (11 damage)
             ... on level 4 of the Dungeon.
             The game lasted 00:04:01 (3730 turns).

DearestLeader the Shield-Bearer (Gnoll Fighter)     Turns: 3730, Time: 00:04:01

Health: -6/53      AC:  9    Str: 18    XL:     6   Next: 94%
Magic:  9/9        EV:  7    Int:  7    God:
Gold:   118        SH:  5    Dex: 11    Spells: 9/9 levels left

rFire   + . .      SeeInvis .   m - +2 falchion (holy)
rCold   . . .      Faith    .   c - +0 buckler
rNeg    . . .      Spirit   .   b - +0 scale mail
rPois   .          Reflect  .   (no helmet)
rElec   .          Harm     .   (no cloak)
rCorr   .          Rampage  .   (no gloves)
Will    .....                   l - +0 pair of boots
Stlth   ..........              (no amulet)
HPRegen 0.17/turn               e - ring of protection from fire
MPRegen 0.11/turn               (no ring)

@: constricted
A: fangs 1, strong nose, distributed training
a: no special abilities


You were on level 4 of the Dungeon.
You visited 1 branch of the dungeon, and saw 4 of its levels.

You collected 118 gold pieces.

Inventory:

Hand Weapons
 a - a +0 war axe
 k - a +0 vorpal mace
 m - a +2 falchion of holy wrath (weapon)
Armour
 b - a +0 scale mail (worn)
 c - a +0 buckler (worn)
 l - a +0 pair of boots (worn)
Jewellery
 e - a ring of protection from fire (left hand)
 p - a +6 ring of intelligence
Wands
 d - a wand of paralysis (1)
 s - a wand of polymorph (3)
Scrolls
 g - a scroll of holy word {unknown}
 h - 2 scrolls of identify {unknown}
 j - a scroll of blinking {unknown}
 n - a scroll of magic mapping {unknown}
 o - a scroll of fear {unknown}
 r - a scroll of vulnerability {unknown}
 t - 3 scrolls of amnesia {unknown}
 v - a scroll of fog {unknown}
Potions
 f - a potion of berserk rage {unknown}
 i - 2 potions of curing {unknown}
 q - 2 potions of invisibility {unknown}
 u - a potion of heal wounds {unknown}


   Skills:
 + Level 6.9 Fighting
 + Level 2.1 Short Blades
 + Level 2.1 Long Blades
 + Level 5.1 Axes
 + Level 2.1 Maces & Flails
 + Level 2.1 Polearms
 + Level 2.1 Staves
 + Level 2.1 Slings
 + Level 2.1 Bows
 + Level 2.1 Crossbows
 + Level 2.1 Throwing
 + Level 6.9 Armour
 + Level 2.1 Dodging
 + Level 2.1 Stealth
 + Level 6.9 Shields
 + Level 2.1 Unarmed Combat
 + Level 2.1 Spellcasting
 + Level 1.7 Conjurations
 + Level 1.7 Hexes
 + Level 1.7 Summonings
 + Level 1.7 Necromancy
 + Level 1.7 Translocations
 + Level 1.7 Transmutations
 + Level 1.7 Fire Magic
 + Level 1.7 Ice Magic
 + Level 1.7 Air Magic
 + Level 1.7 Earth Magic
 + Level 1.7 Poison Magic
 + Level 2.4 Invocations
 + Level 2.1 Evocations


You had 9 spell levels left.
You didn't know any spells.
Your spell library contained the following spells:

 Spells                   Type           Power      Damage    Failure   Level
 Blink                    Tloc           6%         N/A       69%         2
 Lesser Beckoning         Tloc           3%         N/A       89%         3
 Manifold Assault         Tloc           3%         N/A       100%        5
 Storm Form               Tmut/Air       1%         N/A       100%        7


Dungeon Overview and Level Annotations

Branches:
Dungeon (4/15)
 Temple: D:4-7

Altars:
Gozag
Vehumet
Zin

Annotations:
D:3 2 transporters, Ablot's ghost, amateur GnCK


Innate Abilities, Weirdness & Mutations

You have very sharp teeth.
Your uncanny sense of smell can sniff out nearby items.
Your experience applies equally to all skills.


Message History

A goblin comes into view. It is wielding a +0 club.
The goblin hits you with a +0 club.
You slash the goblin!
You kill the goblin!
No target in view!
You see here a +0 club.
Found a robe.
You now have 108 gold pieces (gained 8).
q - 2 black potions (gained 1)
You now have 118 gold pieces (gained 10).
An ogre comes into view. It is wielding a +0 giant club.
The ogre shouts!
Found a stone staircase leading down.
A ball python comes into view.
The ball python hisses angrily.
The ogre closely misses you.
You hit the ogre but do no damage. You block the ogre's attack.
You completely miss the ogre. The ogre barely misses you.
You slash the ogre!
The ogre is moderately wounded.
You block the ogre's attack.
The ball python bites you but does no damage.
The ball python barely misses you.
You hit the ogre.
The ogre is moderately wounded.
The ball python barely misses you. The ball python grabs you.
The ball python constricts you.
The ogre hits you with a +0 giant club!!
You hit the ogre.
The ogre is heavily wounded.
The ball python bites you but does no damage.
The ball python constricts you.
The ogre hits you with a +0 giant club!!
* * * LOW HITPOINT WARNING * * *
The ball python barely misses you. The ball python constricts you.
You hit the ogre.
The ogre is severely wounded.
You block the ball python's attack. The ball python constricts you.
The ogre hits you with a +0 giant club!
You die...

#...# #........# #...#
#........# #...#
#........# #...#
#........#
....#######........#
.............#..####
......###..###..#
....#.##..####..########
.##....#.###....@.......
.###.........##.SO......
.....#####..# #...$.....
###### #.# #......... #
#. ..####..## # # #..#
#.# # ..># .# ..#. # ..
#


You could see an ogre and a ball python.

Vanquished Creatures
  A black bear (D:4)
  An ogre (D:4)
  A hound (D:4)
  A jelly (D:3)
  2 orc wizards (D:3)
  A hound skeleton (D:4)
  5 adders
  A worm (D:3)
  3 dart slugs
  6 orcs
  5 ball pythons
  6 bats
  3 endoplasms
  2 giant cockroaches
  4 goblins
  5 hobgoblins
  3 jackals (D:4)
  9 kobolds
  2 quokkas
  2 frilled lizards (D:1)
  4 rats
67 creatures vanquished.

Vanquished Creatures (others)
  4 plants (D:4)
4 creatures vanquished.

Grand Total: 71 creatures vanquished

Notes
Turn   | Place    | Note
-------+----------+-------------------------------------------
     0 | D:1      | DearestLeader the Gnoll Fighter began the quest for the
                  | Orb.
     0 | D:1      | Reached XP level 1. HP: 23/23 MP: 1/1
   206 | D:1      | Reached XP level 2. HP: 29/29 MP: 2/2
   360 | D:1      | Found a faded altar of an unknown god.
  1384 | D:2      | Reached XP level 3. HP: 28/35 MP: 3/3
  1745 | D:2      | Reached skill level 1 in Invocations
  2278 | D:3      | Reached skill level 1 in Short Blades
  2278 | D:3      | Reached skill level 1 in Long Blades
  2278 | D:3      | Reached skill level 1 in Maces & Flails
  2278 | D:3      | Reached skill level 1 in Polearms
  2278 | D:3      | Reached skill level 1 in Staves
  2278 | D:3      | Reached skill level 1 in Slings
  2278 | D:3      | Reached skill level 1 in Bows
  2278 | D:3      | Reached skill level 1 in Crossbows
  2278 | D:3      | Reached skill level 1 in Throwing
  2278 | D:3      | Reached skill level 1 in Dodging
  2278 | D:3      | Reached skill level 1 in Stealth
  2278 | D:3      | Reached skill level 1 in Unarmed Combat
  2278 | D:3      | Reached skill level 1 in Spellcasting
  2278 | D:3      | Reached skill level 1 in Evocations
  2367 | D:3      | Reached XP level 4. HP: 41/41 MP: 5/5
  2406 | D:3      | Found a transporter.
  2458 | D:3      | Reached skill level 1 in Conjurations
  2458 | D:3      | Reached skill level 1 in Hexes
  2458 | D:3      | Reached skill level 1 in Summonings
  2458 | D:3      | Reached skill level 1 in Necromancy
  2458 | D:3      | Reached skill level 1 in Translocations
  2458 | D:3      | Reached skill level 1 in Transmutations
  2458 | D:3      | Reached skill level 1 in Fire Magic
  2458 | D:3      | Reached skill level 1 in Ice Magic
  2458 | D:3      | Reached skill level 1 in Air Magic
  2458 | D:3      | Reached skill level 1 in Earth Magic
  2458 | D:3      | Reached skill level 1 in Poison Magic
  2539 | D:3      | Found a glowing silver altar of Zin.
  2569 | D:3      | Found a transporter.
  2597 | D:3      | Reached XP level 5. HP: 47/47 MP: 5/7
  2863 | D:3      | Noticed Ablot's ghost (amateur GnCK)
  3106 | D:4      | Reached XP level 6. HP: 37/53 MP: 8/8
  3310 | D:4      | Noticed a black bear
  3326 | D:4      | Killed a black bear
  3327 | D:4      | Reached skill level 5 in Axes
  3457 | D:4      | Found an opulent altar of Gozag.
  3464 | D:4      | Found a radiant altar of Vehumet.
  3730 | D:4      | Mangled by an ogre

Illustrated notes

Levels and vault maps discovered:
D:1:      amcnicky_arrival_abandoned_market, layout_basic,
          ebering_ecumenical_altar_box, feat_on_display
D:2:      layout_loops_corners
D:3:      layout_loops_ring, zin_scriptorium, gammafunk_ghost_stat_death
D:4:      layout_rooms, mainiacjoe_overflow_big_doors, minmay_misc_feat_tower,
          serial_bayou_pond_a

Skill      XL: |  1  2  3  4  5  6 |
---------------+-------------------+-----
Invocations    | 1 2 |  2.4
Short Blades   | 1 2 |  2.1
Long Blades    | 1 2 |  2.1
Maces & Flails | 1 2 |  2.1
Polearms       | 1 2 |  2.1
Staves         | 1 2 |  2.1
Slings         | 1 2 |  2.1
Bows           | 1 2 |  2.1
Crossbows      | 1 2 |  2.1
Throwing       | 1 2 |  2.1
Dodging        | 1 2 |  2.1
Stealth        | 1 2 |  2.1
Unarmed Combat | 1 2 |  2.1
Spellcasting   | 1 2 |  2.1
Evocations     | 1 2 |  2.1
Conjurations   | 1 |  1.7
Hexes          | 1 |  1.7
Summonings     | 1 |  1.7
Necromancy     | 1 |  1.7
Translocations | 1 |  1.7
Transmutations | 1 |  1.7
Fire Magic     | 1 |  1.7
Ice Magic      | 1 |  1.7
Air Magic      | 1 |  1.7
Earth Magic    | 1 |  1.7
Poison Magic   | 1 |  1.7
Axes           | 5 |  5.1
Fighting       | |  6.9
Armour         | |  6.9
Shields        | |  6.9

Action                   |  1- 3 |  4- 6 || total
-------------------------+-------+-------++-------
Melee: War axe           |    66 |       ||    66
       Bite              |    11 |    11 ||    22
       Mace              |    31 |       ||    31
       Falchion          |    15 |   119 ||   134
  Use: Potion            |       |     1 ||     1
Armor: Scale mail        |    61 |    65 ||   126
Dodge: Dodged            |    53 |    54 ||   107
Block: Buckler           |    28 |    38 ||    66
